 Dungeon Crawl Stone Soup version 0.25.0-9-g26727b657a (webtiles) character file.

Game seed: 16119885577390745311

1591 MirrMurr the Covert (level 8, -1/40 HPs)
             Began as a Spriggan Enchanter on June 20, 2020.
             Slain by a killer bee (7 damage)
             ... on level 7 of the Dungeon.
             The game lasted 00:09:44 (2824 turns).

MirrMurr the Covert (Spriggan Enchanter)            Turns: 2824, Time: 00:09:45

Health: -1/40      AC:  4    Str:  6    XL:     8   Next: 61%
Magic:  12/15      EV: 22    Int: 16    God:
Gold:   106        SH:  0    Dex: 17    Spells: 6/15 levels left

rFire    . . .     SeeInvis +   a - +1 dagger
rCold    . . .     Gourm    .   (shield restricted)
rNeg     . . .     Faith    .   t - +0 robe (curse)
rPois    .         Spirit   .   (helmet restricted)
rElec    .         Reflect  .   l - +1 cloak
rCorr    .         Harm     .   (gloves unavailable)
MR       +....                  (boots unavailable)
Stlth    ++++......             (no amulet)
HPRegen  0.13/turn              (no ring)
MPRegen  0.14/turn              (no ring)

@: lethally poisoned (-1 -> -5), about to teleport, very slightly contaminated,
very quick
A: very small, unfitting armour, see invisible, herbivore, speed 3, slow
metabolism 2
a: no special abilities


You were on level 7 of the Dungeon.
You were very hungry.

You visited 1 branch of the dungeon, and saw 7 of its levels.

You collected 106 gold pieces.

Inventory:

Hand Weapons
 a - a +1 dagger (weapon)
 b - a cursed +4 scimitar
 e - a +0 hunting sling
Missiles
 d - 59 stones (quivered)
Armour
 l - a +1 cloak (worn)
 t - a cursed +0 robe (worn)
Jewellery
 r - an uncursed ring of ice {unknown}
Wands
 s - a wand of enslavement (8)
Scrolls
 i - a scroll of teleportation
 j - a scroll of amnesia {unknown}
 k - a scroll of fear {unknown}
 p - 3 scrolls of blinking
Potions
 f - 3 potions of magic {unknown}
 g - a potion of might {unknown}
 h - a potion of brilliance {unknown}
 m - a potion of haste {unknown}
 n - a potion of lignification {unknown}
 o - a potion of curing {unknown}
 q - a potion of stabbing {unknown}
Comestibles
 c - 5 rations


   Skills:
 + Level 3.4 Fighting
 - Level 5.0 Short Blades
 + Level 6.9 Dodging
 - Level 8.0 Stealth
 - Level 4.0 Spellcasting
 - Level 8.0 Hexes


You had 6 spell levels left.
You knew the following spells:

 Your Spells              Type           Power        Failure   Level  Hunger
a - Ensorcelled Hibernat  Hex/Ice        ###...       4%          2    ##.....
b - Confusing Touch       Hex            ####....     1%          3    ###....
c - Tukima's Dance        Hex            ####....     1%          3    ###....
C - Corona                Hex            ####...      1%          1    None

Your spell library contained the following spells:

 Spells                   Type           Power        Failure   Level  Hunger
 Dazzling Flash           Conj/Hex       ###...       10%         3    ###....
 Freeze                   Ice            #...         17%         1    None
 Frozen Ramparts          Ice            #.....       45%         3    ###....
 Ozocubu's Armour         Chrm/Ice       #.......     45%         3    ###....
 Hailstorm                Conj/Ice       #.......     86%         4    ####...
 Summon Ice Beast         Ice/Summ       #.......     86%         4    ####...


Dungeon Overview and Level Annotations

Branches:
Dungeon (7/15)             Temple (0/1) D:4

Altars:
Xom

Shops:
D:4 (   D:5 =   D:7 [

Portals:
Sewer: D:5


Innate Abilities, Weirdness & Mutations

You are very small and have problems with some larger weapons.
You are too small for most types of armour.
You have supernaturally acute eyesight. (SInv)
You are a herbivore.
You cover ground extremely quickly.
You need to consume almost no food.


Message History

Nothing appears to happen.
You are feeling very hungry.
The killer bee misses you. The killer bee stings you.
You are poisoned.
The killer bee poisons you! The killer bee misses you.
You feel sick.
You feel sick. The killer bee completely misses you.
There is an open door here.
The killer bee completely misses you. The killer bee misses you.
The killer bee stings you.
* * * LOW HITPOINT WARNING * * *
The killer bee completely misses you.
You feel sick.
You feel sick.
You feel sick.
As you read the scroll labeled CUFABLEMAEKH, it crumbles to dust.
You feel strangely unstable.
It was a scroll of teleportation.
The killer bee barely misses you. The killer bee completely misses you.
The killer bee misses you. The killer bee stings you!
You die...

.......#......+........#........#
############'##........'........#
......##......#........#........#
.......#......'........#........+
.......#......#........#........#
##....##......#........#.......##
##....##......#........#.......##
#...........[.#yyy.....#.......#.
'.....##......#.@y.....#.......#.
#.....#########....>...#.......#.
#.............#........#.......+.
#.............#........#.....####
##....##......#........#.....####
##....#########........#......'..
......##......#........#......#..
.......#......+........#......#..
.......'......#........#......#..


You could see 4 killer bees.

Vanquished Creatures
  A hippogriff (D:7)
  2 ice beasts
  2 sky beasts
  2 phantoms (D:7)
  3 centaurs
  2 bullfrogs (D:7)
  A wight (D:7)
  A killer bee (D:7)
  2 howler monkeys
  2 crimson imps
  2 hounds
  A quasit (D:5)
  3 jellies
  A centaur skeleton (D:5)
  2 iguanas (D:4)
  2 worker ants
  5 adders
  An adder skeleton (D:5)
  An adder zombie (D:7)
  A leopard gecko (D:7)
  2 giant cockroaches
  3 goblins
  A hobgoblin (D:2)
  A kobold (D:1)
  2 quokkas
  A frilled lizard (D:4)
  2 leopard gecko skeletons (D:5)
49 creatures vanquished.

Vanquished Creatures (others)
  A dancing weapon (D:7)
  A leopard gecko (D:7)
2 creatures vanquished.

Grand Total: 51 creatures vanquished

Notes
Turn   | Place    | Note
-------+----------+-------------------------------------------
     0 | D:1      | MirrMurr the Spriggan Enchanter began the quest for the
                  | Orb.
     0 | D:1      | Reached XP level 1. HP: 9/9 MP: 5/5
   135 | D:4      | Found Heisuisch's Weapon Emporium.
   219 | D:4      | Reached skill level 5 in Stealth
   219 | D:4      | Reached XP level 2. HP: 13/13 MP: 6/6
   238 | D:4      | Learned a level 2 spell: Ensorcelled Hibernation
   275 | D:4      | Reached XP level 3. HP: 16/16 MP: 8/8
   400 | D:4      | Reached XP level 4. HP: 21/21 MP: 9/9
   580 | D:4      | Reached XP level 5. HP: 22/24 MP: 3/10
   662 | D:5      | Entered Level 5 of the Dungeon
   687 | D:5      | Learned a level 3 spell: Confusing Touch
   691 | D:5      | Learned a level 3 spell: Tukima's Dance
   692 | D:5      | Noticed a centaur
   735 | D:5      | Noticed an ice beast
   838 | D:5      | Reached XP level 6. HP: 28/28 MP: 3/11
   848 | D:5      | Reached skill level 5 in Short Blades
   868 | D:5      | Found Nagodwas's Jewellery Emporium.
   877 | D:5      | Found a glowing drain.
  1073 | D:5      | Noticed a sky beast
  1084 | D:5      | Reached skill level 5 in Hexes
  1100 | D:5      | Killed a sky beast
  1100 | D:5      | Reached XP level 7. HP: 32/32 MP: 0/14
  1799 | D:7      | Reached skill level 1 in Fighting
  1799 | D:7      | Reached XP level 8. HP: 6/37 MP: 7/15
  2068 | D:7      | Found a shimmering altar of Xom.
  2123 | D:7      | Found Xovouq's Antique Armour Emporium.
  2169 | D:7      | Reached skill level 5 in Dodging
  2432 | D:7      | Noticed a hippogriff
  2435 | D:7      | Found a shimmering altar of Xom.
  2442 | D:7      | Killed a hippogriff
  2824 | D:7      | Slain by a killer bee

Illustrated notes

Levels and vault maps discovered:
D:1:      dpeg_arrival_pond, layout_loops_ring, minmay_split_cup_small
D:2:      layout_loops_cross, hangedman_ru_absence, uniq_sigmund, uniq_natasha
D:3:      layout_loops_ring, first_ration
D:4:      layout_basic, minmay_temple_entry_enclosed_plants, serial_shops, shop
D:5:      layout_basic, serial_shops, shop_statue, gup_sewer_entry_glass,
          kennysheep_generic_room_12
D:6:      old_forge, layout_loops_ring, hellmonk_ghost_happy_afterlife
D:7:      layout_gridville, xom_confusion_cloud, basic_altar, serial_shops,
          nicolae_shop_statue_plus, nrook_mini_backslash

Skill      XL: |  1  2  3  4  5  6  7  8 |
---------------+-------------------------+-----
Short Blades   | 2 3 4 5 |  5.0
Stealth        | 5 6 7 8 |  8.0
Spellcasting   | 4 |  4.0
Hexes          | 5 8 |  8.0
Fighting       | 1 3 |  3.4
Dodging        | 4 6 |  6.9

Action                   |  1- 3 |  4- 6 |  7- 9 || total
-------------------------+-------+-------+-------++-------
Melee: Dagger            |    12 |    73 |    99 ||   184
 Cast: Corona            |     2 |       |       ||     2
       Ensorcelled Hiber |     5 |    21 |    20 ||    46
       Confusing Touch   |       |       |     5 ||     5
       Tukima's Dance    |       |       |     1 ||     1
  Use: Scroll            |     2 |     1 |     4 ||     7
 Stab: Sleeping          |     6 |    15 |    11 ||    32
       Confused          |       |       |     7 ||     7
  Eat: Ration            |       |       |     1 ||     1
Armor: Robe              |       |     9 |    13 ||    22
Dodge: Dodged            |     7 |    61 |    88 ||   156
